 Dungeon Sprint DCSS version 0.29-a0-360-g8ed1089bbe (webtiles) character file.

Game seed: 8523348108088997683

3 Zeldest the Scratcher (level 1, 0/9 HPs)
             Began as a Felid Transmuter on Apr 28, 2022.
             Slain by a goblin
             ... wielding a +0 dagger
              (4 damage)
             ... in the Dungeon (Sprint IX: "|||||||||||||||||||||||||||||").
             The game lasted 00:00:12 (10 turns).

Zeldest the Scratcher (Felid Transmuter)              Turns: 10, Time: 00:00:13

Health: 0/9        AC:  1    Str:  6    XL:     1   Next: 41%
Magic:  3/4        EV: 18    Int: 14    God:
Gold:   0          SH:  0    Dex: 16    Spells: 3/4 levels left
                                        Lives:  0   Deaths: 0

rFire   . . .      SeeInvis +     - Unarmed
rCold   . . .      Faith    .   (shield unavailable)
rNeg    . . .      Spirit   .   (body armour unavailable)
rPois   .          Reflect  .   (helmet unavailable)
rElec   .          Harm     .   (cloak unavailable)
rCorr   .          Rampage  .   (gloves unavailable)
Will    .....      NoTele   +   (boots unavailable)
Stlth   +.........              (no amulet)
HPRegen 0.03/turn               (no ring)
MPRegen 0.09/turn               (no ring)

@: appendages (expiring), quick
A: horns 2, very small, claws 1, fangs 3, see invisible, speed 1, shaggy fur 1,
stealthy paws, no weapons or thrown items, no armour, multi-lived
a: End Transformation


You were in the Dungeon.
You had temporarily grown beastly horns.
You visited 1 branch

Inventory:

Scrolls
 g - a scroll of blinking
Potions
 a - a potion of lignification
 b - a potion of curing
 c - a potion of heal wounds
 d - a potion of haste
 e - 2 potions of magic
 f - a potion of berserk rage


   Skills:
 + Level 1.5 Fighting
 + Level 3.2 Dodging
 * Level 3.5 Unarmed Combat
 - Level 2.0 Spellcasting
 + Level 2.6 Transmutations


You had 3 spell levels left.
You knew the following spells:

 Your Spells              Type           Power      Damage    Failure   Level
a - Beastly Appendage     Tmut           16%        N/A       9%          1

Your spell library contained the following spells:

 Spells                   Type           Power      Damage    Failure   Level
 Wereblood                Tmut           8%         N/A       12%         2
 Spider Form              Tmut/Pois      5%         N/A       38%         3
 Ice Form                 Ice/Tmut       5%         N/A       80%         4


Dungeon Overview and Level Annotations

Branches:
Dungeon (1/1)

Altars:


Innate Abilities, Weirdness & Mutations

You have temporarily grown beastly horns.
You have sharp claws.
You have razor-sharp teeth.
You have supernaturally acute eyesight. (SInv)
You cover ground quickly. (Speed+)
You are covered in fur. (AC +1)
Your paws help you pounce on unaware monsters.
You are incapable of wielding weapons or throwing items.
You cannot wear armour.
You gain extra lives every three experience levels.


Message History

Welcome, Zeldest the Felid Transmuter.
Press ? for a list of commands and other information.
Found a staircase leading out of the dungeon.
Casting: Beastly Appendage (safe; 10% risk of failure)
Confirm with . or Enter, or press ? or * to list all spells.
You grow a pair of large bovine horns.
As you open the door, it creaks loudly!
An endoplasm, a goblin, a rat and 2 hobgoblins come into view.
The hobgoblin shouts!
The goblin shouts!
You scratch the hobgoblin.
You kill the hobgoblin!
Your Dodging skill increases to level 3!
The rat bites you.
There is an open door to the Dungeon, spattered with blood here.
You see here a hobgoblin corpse.
You scratch the rat.
You kill the rat!
You scratch the hobgoblin. You headbutt the hobgoblin.
The hobgoblin is almost dead.
Your transformation is almost over.
The hobgoblin hits you.
You scratch the hobgoblin.
You kill the hobgoblin!
You miss the goblin. The goblin hits you with a +0 dagger.
You die...

▓+▓
▓.▓
▓.▓
▓.▓
▓J▓
▓g▓
▓@▓
▓.▓
▓.▓
▓.▓
▓<▓
▓▓▓


You could see an endoplasm and a goblin.

Vanquished Creatures
  2 hobgoblins (D)
  A rat (D)
3 creatures vanquished.

Notes
Turn   | Place    | Note
-------+----------+-------------------------------------------
     0 | D        | Zeldest the Felid Transmuter began the quest for the Orb.
     0 | D        | Reached XP level 1. HP: 9/9 MP: 4/4
    10 | D        | Slain by a goblin

Illustrated notes

Levels and vault maps discovered:
D:        linesprint [early_d, line_temple, items_1, d_10, items_2, lair_1,
          lair_end, items_3, orc_1, orc_end, items_4, d_15, swamp_1, shoals_1,
          snake_1, spider_1, d_20, vaults_1, items_5, swamp_end, shoals_end,
          snake_end, spider_end, vaults_end, d_27, items_6, zot_1, zot_end,
          crypt_end, forest_end, elf_end, slime_end, tomb_end, abyss_end,
          pan_hell_end]

Skill      XL: |  1 |
---------------+----+-----
Dodging        | 3 |  3.2
Fighting       | |  1.5
Unarmed Combat | |  3.5
Spellcasting   | |  2.0
Transmutations | |  2.6

Action                   || total
-------------------------++-------
Melee: Unarmed           ||     5
       Headbutt          ||     1
 Cast: Beastly Appendage ||     1

Table legend: (Time is in decaauts)
 A = Elapsed time spent in this place.
 B = Non-inter-level travel time spent in this place.
 C = Inter-level travel time spent in this place.
 D = Time resting spent in this place.
 E = Time spent auto-exploring this place.
 F = Levels seen in this place.
 G = Mean time per level.
                   A        B        C        D        E       F      G
               +--------+--------+--------+--------+--------+-----+--------+
         Total |      8 |      8 |      0 |      0 |      0 |   1 |    8.0 |
       Dungeon |      8 |      8 |      0 |      0 |      0 |   1 |    8.0 |
               +--------+--------+--------+--------+--------+-----+--------+

Top non-repeatable levels by time:
       D: 8 daAuts
